Map: Radhuset Station LE

Players

Rodrihunter - Winner!

  • Race: Protoss Protoss
  • League: Diamond
  • Spawn Location: 7:00

SubN

  • Race: Zerg Zerg
  • League: Diamond
  • Spawn Location: 1:00

VOD

Have the link to the VOD?

Description

Time

  • Played on: Dec. 24, 2023, 7:11 p.m.
  • Length: 2:31
Show
View Real Time Build Order
Export as new Build Order

Rodrihunter Protoss - Winner!

Build Orders: Cannon Rush 

Get SALT Encoding   

  12  0:00  Probe (Chrono Boost)  
  13  0:09  Probe (Chrono Boost)  
  14  0:15  Probe (Chrono Boost)  
  15  0:24  Pylon  
  15  0:42  Probe  
  16  0:46  Gateway  
  16  0:48  Forge  
  16  0:57  Probe (Chrono Boost)  
  17  1:10  Probe (Chrono Boost)  
  17  1:11  Assimilator  
  18  1:15  Probe (Chrono Boost)  
  19  1:24  Probe  
  20  1:32  Pylon  
  20  1:36  Probe  
  21  1:50  Photon Cannon  
  21  1:51  Photon Cannon  
  21  1:54  Photon Cannon  
  21  2:02  Probe  
  21  2:07  Pylon  
  22  2:22  Photon Cannon  
  22  2:26  Photon Cannon  
Show
View Real Time Build Order
Export as new Build Order

SubN Zerg 

Build Orders: Pool First 

Get SALT Encoding   

  12  0:00  Drone  
  13  0:12  Overlord  
  13  0:17  Drone  
  14  0:30  Drone x2  
  14  0:34  Drone  
  17  0:37  Extractor  
  16  0:45  Drone  
  17  0:51  Spawning Pool  
  17  0:55  Drone  
  17  1:06  Drone  
  18  1:21  Hatchery  
  18  1:24  Drone  
  18  1:29  Drone  
  19  1:41  Queen  
  19  1:44  Zergling x2  
  22  1:51  Overlord  
  22  2:09  Zergling x2  
Tags
 
Add a new tag
Caveats
  • Supply blocks, unpowered buildings, or Contaminate may cause inaccurate times.
  • Supply counts are checked every 10 seconds.